Map: [ESL] Inside and Out

Players

DPGDark (Dark) - Winner!

  • Race: Zerg Zerg
  • League: Master
  • Spawn Location: 1:00

Maru

  • Race: Terran Terran
  • League: Master
  • Spawn Location: 7:00

VOD

Have the link to the VOD?

Description

Time

  • Played on: Nov. 6, 2022, 10:05 a.m.
  • Length: 13:17
Show
View Real Time Build Order
Export as new Build Order

DPGDark Zerg - Winner!

Build Orders: Hatch First, Lurkers 

Get SALT Encoding   

  12  0:00  Drone  
  13  0:12  Overlord  
  13  0:17  Drone  
  14  0:30  Drone x2  
  16  0:48  Hatchery  
  15  0:53  Drone  
  16  0:57  Drone  
  16  0:59  Drone  
  18  1:11  Extractor  
  18  1:14  Spawning Pool  
  18  1:17  Drone  
  17  1:20  Drone  
  18  1:27  Drone  
  20  1:40  Drone  
  20  1:49  Drone  
  21  2:00  Queen  
  21  2:01  Queen  
  25  2:02  Zergling x4  
  27  2:10  Zergling x2  
  27  2:11  Overlord  
  28  2:22  Hatchery  
  27  2:26  Drone  
  28  2:32  Drone x3  
  31  2:42  Roach Warren  
  30  2:45  Overlord  
  30  2:48  Drone  
  31  2:53  Drone x2  
  33  3:03  Overlord  
  33  3:07  Queen  
  33  3:12  Overlord  
  34  3:24  Roach x3  
  34  3:25  Roach  
  42  3:28  Roach  
  42  3:31  Roach  
  46  3:36  Roach  
  46  3:38  Roach  
  50  3:41  Roach  
  50  3:43  Drone  
  50  3:47  Drone x2  
  55  3:54  Drone x2  
  55  3:55  Drone  
  58  3:57  Drone  
  58  4:01  Drone  
  60  4:05  Ravager  
  60  4:06  Drone x2  
  63  4:13  Drone  
  63  4:14  Drone x2  
  65  4:37  Ravager  
  63  4:39  Drone x2  
  63  4:41  Overlord x3  
  63  4:42  Queen  
  63  4:43  Queen, Drone  
  65  4:46  Overlord  
  65  4:48  Overlord  
  65  4:51  Drone x2  
  65  4:53  Drone  
  60  5:00  Roach x3  
  60  5:01  Roach x3  
  60  5:06  Extractor  
  60  5:07  Extractor  
  66  5:13  Drone x3  
  69  5:15  Roach  
  69  5:16  Drone  
  69  5:17  Drone  
  73  5:23  Drone  
  73  5:25  Drone x2  
  73  5:26  Drone x4  
  73  5:27  Drone x2  
  82  5:35  Drone x2  
  84  5:37  Drone, Extractor x2  
  83  5:43  Drone x4  
  83  5:45  Lair  
  83  5:46  Drone x3  
  83  5:47  Drone  
  83  5:48  Extractor  
  90  5:52  Drone x4  
  93  6:06  Drone x3  
  93  6:07  Drone  
  93  6:08  Drone  
  94  6:11  Drone x2  
  94  6:12  Drone x2  
  97  6:20  Drone  
  97  6:21  Evolution Chamber  
  97  6:22  Evolution Chamber  
  97  6:23  Overlord  
  96  6:28  Metabolic Boost  
  96  6:29  Overlord  
  96  6:32  Overlord  
  96  6:34  Overlord  
  96  6:37  Drone  
  96  6:38  Overlord  
  96  6:39  Overlord  
  97  6:40  Overlord  
  97  6:43  Hatchery, Roach x4  
  104  6:47  Zerg Missile Weapons Level 1  
  104  6:48  Zerg Ground Armor Level 1  
  104  6:49  Glial Reconstitution  
  104  6:57  Infestation Pit  
  104  6:58  Roach x2  
  104  6:59  Hydralisk Den  
  106  7:02  Roach x3  
  106  7:05  Drone x2  
  106  7:06  Drone  
  106  7:08  Drone  
  116  7:09  Spore Crawler  
  116  7:11  Drone x3  
  118  7:19  Zergling x16  
  125  7:28  Zergling x6  
  125  7:35  Hive  
  125  7:36  Drone  
  126  7:37  Zergling x12, Lurker Den  
  126  7:40  Extractor x2  
  129  7:47  Zergling x6  
  129  7:50  Spore Crawler, Ravager x3, Overlord  
  134  7:51  Spore Crawler, Infestor  
  134  7:52  Infestor  
  134  7:56  Zergling x4  
  139  8:01  Zergling x4  
  141  8:07  Drone  
  142  8:13  Zergling x4  
  142  8:14  Zergling x10  
  142  8:19  Zergling x4  
  152  8:20  Zergling x4  
  153  8:30  Zergling x8  
  157  8:34  Overlord  
  157  8:39  Overlord  
  157  8:42  Overlord  
  157  8:44  Overlord x2  
  157  8:47  Viper x2  
  163  8:49  Adaptive Talons  
  163  8:50  Grooved Spines  
  163  8:54  Hydralisk x4  
  163  8:55  Hydralisk  
  173  9:01  Zerg Missile Weapons Level 2  
  173  9:06  Drone  
  171  9:14  Zergling x20  
  152  9:26  Zerg Ground Armor Level 2  
  152  9:28  Zergling x12  
  152  9:29  Lurker x3  
  152  9:30  Lurker  
  162  9:32  Drone  
  162  9:33  Drone  
  162  9:34  Hydralisk x2  
  162  9:35  Hydralisk  
  169  9:41  Hydralisk x2  
  173  9:46  Seismic Spines  
  173  9:49  Hydralisk x2  
  177  9:53  Zergling x4  
  177  9:54  Zergling x2  
  179  10:01  Lurker x3, Muscular Augments  
  179  10:03  Hydralisk x3  
  188  10:08  Lurker, Hydralisk x2  
  188  10:12  Zergling x4  
  185  10:31  Hydralisk  
  184  10:39  Hydralisk x3  
  184  10:41  Hydralisk  
  184  10:42  Hydralisk x2  
  184  10:50  Zergling x14  
  184  10:51  Lurker x5  
  184  10:54  Zergling x6  
  196  11:09  Zergling x8  
  194  11:11  Hatchery  
  194  11:12  Lurker x3  
  194  11:13  Lurker x2  
  194  11:17  Zergling x4  
  200  11:22  Zergling x2  
  200  11:23  Zergling x12  
  200  11:25  Hydralisk x2  
  183  11:28  Hydralisk  
  164  11:37  Hydralisk x4  
  166  11:46  Hydralisk x2  
  166  11:48  Hydralisk x2  
  162  11:57  Zergling x6  
  158  12:02  Lurker x5  
  158  12:04  Zergling x2  
  158  12:06  Hydralisk x2  
  162  12:09  Zergling x2  
  162  12:11  Hydralisk  
  162  12:15  Queen x4  
  169  12:20  Hydralisk x2  
  169  12:25  Hydralisk x2  
  169  12:26  Zergling x2  
  169  12:27  Zergling x6  
  172  12:33  Lurker x2  
  174  12:42  Zergling x2  
  174  12:43  Zergling x6  
  159  12:45  Hydralisk  
Show
View Real Time Build Order
Export as new Build Order

Maru Terran 

Build Orders: Reaper Expand 

Get SALT Encoding   

  12  0:00  SCV  
  13  0:12  SCV  
  14  0:16  Supply Depot  
  14  0:24  SCV  
  15  0:38  SCV  
  15  0:39  Barracks  
  16  0:43  Refinery  
  16  0:50  SCV  
  17  1:02  SCV  
  18  1:14  SCV  
  19  1:26  Orbital Command  
  19  1:28  Reaper  
  20  1:38  Command Center  
  20  1:52  SCV  
  20  1:53  Supply Depot  
  21  2:02  Marine  
  21  2:04  SCV  
  23  2:16  SCV, Factory  
  23  2:22  Barracks Reactor  
  24  2:28  SCV  
  25  2:40  SCV  
  25  2:42  Command Center  
  26  2:50  Orbital Command  
  26  2:52  SCV  
  27  3:01  Starport  
  27  3:05  SCV, Refinery  
  28  3:12  Hellion  
  32  3:13  Hellion  
  32  3:15  SCV  
  32  3:17  Barracks Tech Lab  
  33  3:25  SCV  
  34  3:29  SCV  
  35  3:34  Hellion  
  35  3:35  Hellion  
  35  3:38  Viking  
  35  3:39  SCV  
  43  3:41  SCV  
  43  3:44  Marine  
  44  3:51  SCV  
  44  3:52  Stimpack  
  44  3:53  SCV  
  46  3:57  Supply Depot, Orbital Command  
  46  4:03  Hellion  
  46  4:04  Hellion  
  46  4:06  SCV  
  51  4:10  SCV  
  52  4:18  SCV  
  52  4:20  Marauder  
  55  4:25  Hellion x2, SCV  
  55  4:26  SCV  
  59  4:31  SCV  
  59  4:38  SCV  
  58  4:40  Medivac  
  58  4:41  SCV  
  58  4:43  SCV  
  56  4:50  SCV  
  56  4:53  SCV  
  56  4:58  SCV  
  52  5:00  Factory Reactor  
  52  5:05  Barracks  
  52  5:06  Barracks  
  52  5:08  SCV x2  
  52  5:10  SCV  
  55  5:17  Engineering Bay  
  55  5:19  Engineering Bay  
  55  5:20  SCV  
  56  5:25  SCV  
  56  5:26  SCV  
  56  5:27  Supply Depot  
  58  5:30  Marine  
  58  5:31  Supply Depot, Starport Reactor  
  58  5:33  Combat Shield  
  59  5:35  SCV  
  59  5:42  SCV  
  62  5:43  Barracks, Factory Tech Lab  
  62  5:44  Barracks, Orbital Command  
  62  5:46  Terran Infantry Armor Level 1, Terran Infantry Weapons Level 1  
  62  5:48  SCV  
  63  5:53  Refinery  
  63  5:54  SCV  
  63  5:56  Marine x2  
  65  5:58  Refinery, Marine  
  65  6:01  SCV  
  63  6:13  Marine x2  
  63  6:14  Medivac x2, Marine x2  
  63  6:15  SCV x3  
  72  6:20  Marine  
  73  6:27  SCV x3  
  73  6:29  Supply Depot  
  73  6:30  Siege Tank  
  73  6:31  Supply Depot, Marine x2  
  73  6:32  Marine x2  
  83  6:37  Barracks Reactor x2  
  83  6:38  Marine  
  83  6:39  SCV  
  85  6:41  Supply Depot  
  85  6:42  Supply Depot  
  85  6:50  SCV x2, Marine x2  
  85  6:51  SCV  
  85  6:52  Armory  
  85  6:53  Marine x2  
  92  6:56  Marine  
  93  7:02  Siege Tank  
  93  7:03  SCV x3  
  93  7:07  Medivac  
  93  7:08  Marine x2  
  101  7:10  Marine  
  101  7:11  Marine  
  101  7:14  Marine  
  101  7:15  Supply Depot, SCV x3  
  109  7:17  Marine x4  
  109  7:20  Medivac  
  115  7:26  Marine x2  
  115  7:29  Marine x2  
  114  7:30  SCV  
  114  7:33  SCV x2  
  114  7:34  Marine x2  
  114  7:35  Siege Tank, Marine x3  
  116  7:40  Refinery  
  116  7:41  Refinery  
  116  7:42  Supply Depot  
  116  7:43  Supply Depot  
  116  7:44  Supply Depot, Marine x2  
  118  7:46  Marine  
  118  7:47  Marine  
  118  7:50  Terran Infantry Weapons Level 2  
  120  7:52  Marine x4  
  124  8:01  Command Center, Terran Infantry Armor Level 2  
  124  8:02  Supply Depot  
  124  8:07  Marine x2  
  124  8:08  Marine x2  
  124  8:11  Siege Tank  
  124  8:12  Marine x3  
  131  8:13  Marine  
  131  8:17  SCV x2  
  135  8:20  Terran Vehicle Weapons Level 1  
  135  8:21  SCV  
  135  8:24  Marine  
  135  8:26  Marine x4  
  141  8:28  Factory  
  141  8:29  SCV, Marine  
  141  8:34  Marine  
  143  8:43  Siege Tank  
  143  8:44  Marine  
  143  8:45  Barracks  
  143  8:46  Barracks  
  143  8:48  Barracks  
  147  8:49  Marine x2  
  147  8:50  Marine x4  
  153  8:57  Medivac x2  
  153  9:02  Supply Depot  
  157  9:06  Supply Depot  
  157  9:23  Marine x2  
  157  9:24  Marauder, Marine x3  
  130  9:25  Siege Tank  
  130  9:27  Factory Tech Lab  
  127  9:35  Barracks Tech Lab x3  
  127  9:36  Ghost Academy, SCV x3  
  130  9:45  Missile Turret, Marauder, Siege Tank  
  132  9:48  SCV x3  
  138  9:56  Marauder x3  
  138  9:57  Siege Tank  
  145  10:00  SCV  
  145  10:02  SCV  
  147  10:08  Planetary Fortress  
  147  10:09  Sensor Tower  
  147  10:10  Liberator  
  147  10:13  Ghost  
  147  10:14  Marine x6  
  152  10:16  Marine x2  
  152  10:18  Siege Tank  
  152  10:19  SCV  
  156  10:29  Siege Tank, Ghost x2  
  152  10:50  Siege Tank  
  152  10:51  Marine, Ghost  
  152  10:52  Marine x6  
  152  10:55  Orbital Command  
  160  11:07  Siege Tank  
  160  11:10  Refinery x2, Command Center  
  160  11:11  Supply Depot  
  160  11:14  Supply Depot  
  160  11:15  Supply Depot  
  160  11:16  Marauder x2  
  164  11:21  Marine  
  164  11:23  Siege Tank  
  143  11:31  Marauder, Marine x2  
  143  11:32  Marauder  
  129  11:33  Medivac  
  129  11:35  Marine x2  
  129  11:39  Marine  
  126  11:40  Marine x4  
  126  11:41  Orbital Command  
  119  12:09  Siege Tank  
  119  12:11  Marine x3  
  119  12:12  Marauder x4, Marine x5  
  138  12:16  Medivac x2  
  138  12:20  SCV x2  
  142  12:26  SCV  
  130  12:33  Marauder x4  
Tags
 
Add a new tag
Caveats
  • Supply blocks, unpowered buildings, or Contaminate may cause inaccurate times.
  • Supply counts are checked every 10 seconds.